 Dungeon Crawl Stone Soup version 0.23.0-3-gf3c87f2 (webtiles) character file.

Game seed: 6110619976356791791

54441 Kairos the Severer (level 14, -5/74 HPs)
             Began as a Vine Stalker Fighter on Feb 22, 2019.
             Was a High Priest of Okawaru.
             Splashed by an oklob plant's acid (9 damage)
             ... on level 6 of the Lair of Beasts.
             The game lasted 00:53:25 (16482 turns).

Kairos the Severer (Vine Stalker Fighter)          Turns: 16482, Time: 00:53:26

Health: -5/74      AC:  8    Str: 22    XL:     14   Next: 72%
Magic:  0/17       EV: 16    Int: 22    God:    Okawaru [*****.]
Gold:   694        SH: 21    Dex: 23    Spells: 9/13 levels left

rFire    + . .     SeeInvis .   F - +0 broad axe
rCold    + . .     Gourm    .   S - +0 large shield {AC+3}
rNeg     . . .     Faith    .   U - +4 scale mail of Springtime {rPois Int+4 Dex+4}
rPois    +         Spirit   +   R - +0 helmet of the Sacrificial Victim {Regen+ Int+3 Stlth+}
rElec    .         Reflect  .   N - scarf {rC+ rF+}
rCorr    .         Harm     .   (no gloves)
MR       +++..                  H - +1 pair of boots of the Game of Kings {Int+7}
Stlth    +++.......             g - amulet of regeneration
HPRegen  1.82/turn              P - ring of Nolash {rPois MR+ Slay+5 Stlth-}
MPRegen  0.15/turn              V - +3 ring of dexterity

@: heroism, corroded
A: fangs 3, magic resistance 1, poison resistance, regeneration 2, wild magic 1,
evolution 1, magic shield, antimagic bite, no potion heal 3, rot immunity
a: Heroism, Finesse, Renounce Religion


You were on level 6 of the Lair of Beasts.
You worshipped Okawaru.
Okawaru was extremely pleased with you.
You were not hungry.

You visited 3 branches of the dungeon, and saw 18 of its levels.
You also visited: Gauntlet and Ice Cave.

You collected 1100 gold pieces.
You spent 406 gold pieces at shops.

Inventory:

Hand Weapons
 o - a +2 whip of electrocution
 w - the +7 mace "Rythreatro" {freeze, *Drain MP+9 Int-5 SInv}
   (You found it on level 4 of the Dungeon)

   It has been specially enchanted to freeze those struck by it, causing extra
   injury to most foes and up to half again as much damage against particularly
   susceptible opponents.
   It can also slow down cold-blooded creatures.
   It affects your intelligence (-5).
   It affects your magic capacity (+9).
   It lets you see invisible.
   It causes draining when unequipped.
 B - the +2 executioner's axe "Kurrega" {elec, *Contam *Rage rElec SInv}
   (Okawaru gifted it to you on level 6 of the Lair of Beasts)

   Occasionally, upon striking a foe, it will discharge some electrical energy
   and cause terrible harm.
   It insulates you from electricity.
   It lets you see invisible.
   It may make you go berserk in combat.
   It causes magical contamination when unequipped.
 F - a +0 broad axe (weapon)
 X - a +1 demon trident of flaming
Missiles
 c - a throwing net
 u - 6 javelins of penetration (quivered)
Armour
 H - the +1 pair of boots of the Game of Kings (worn) {Int+7}
   (Okawaru gifted it to you on level 5 of the Lair of Beasts)

   It affects your intelligence (+7).
 N - a scarf of resistance (worn)
 O - a +2 chain mail of fire resistance
 R - the +0 helmet of the Sacrificial Victim (worn) {Regen+ Int+3 Stlth+}
   (You found it in a Gauntlet)

   It affects your intelligence (+3).
   It increases your rate of regeneration.
   It makes you more stealthy.
 S - a +0 large shield of protection (worn)
 U - the +4 scale mail of Springtime (worn) {rPois Int+4 Dex+4}
   (You found it on level 11 of the Dungeon)

   It affects your intelligence (+4).
   It affects your dexterity (+4).
   It protects you from poison.
Jewellery
 g - an amulet of regeneration (around neck)
 P - the ring of Nolash (left hand) {rPois MR+ Slay+5 Stlth-}
   (You found it in a Gauntlet)

   [ring of poison resistance]

   It affects your accuracy and damage with ranged weapons and melee attacks
   (+5).
   It protects you from poison.
   It affects your resistance to hostile enchantments.
   It makes you less stealthy.
 V - a +3 ring of dexterity (right hand)
 Z - the amulet "Yronueti" {Acrobat Dex+3}
   (You took it off a minotaur in a Gauntlet)

   [amulet of the acrobat]

   It helps you evade while moving and waiting.
   It affects your dexterity (+3).
Wands
 b - a wand of flame (65)
 j - a wand of enslavement (6)
 p - a wand of disintegration (9)
 C - a wand of iceblast (36)
 E - a wand of acid (43)
 G - a wand of scattershot (10)
Scrolls
 a - 2 scrolls of fear
 i - 7 scrolls of immolation
 k - 10 scrolls of remove curse
 n - 4 scrolls of enchant armour
 q - 8 scrolls of teleportation
 s - 4 scrolls of blinking
 t - 7 scrolls of amnesia
 v - 2 scrolls of fog
 y - a scroll of magic mapping
 D - a scroll of silence
Potions
 d - a potion of might
 e - a potion of resistance
 h - a potion of ambrosia
 l - 2 potions of lignification
 m - 3 potions of cancellation
 r - a potion of curing
 x - a potion of mutation
 z - 2 potions of magic
 A - 3 potions of berserk rage
 I - a potion of agility
 J - 2 potions of invisibility
 K - a potion of flight
 L - 7 potions of brilliance
 M - 2 potions of haste {unknown}
Miscellaneous
 Y - a crystal ball of energy
Comestibles
 f - 33 rations


   Skills:
 + Level 8.3(13.3) Fighting
 * Level 16.5(21.5) Axes
 + Level 1.0(16.1) Maces & Flails
 + Level 0.1(5.1) Throwing
 + Level 7.4(12.4) Armour
 + Level 5.0(10.0) Dodging
 + Level 2.8(7.8) Stealth
 + Level 9.6(14.6) Shields
 + Level 2.9 Invocations
 + Level 1.0 Evocations


You had 9 spell levels left.
You knew the following spells:

 Your Spells              Type           Power        Failure   Level  Hunger
a - Passage of Golubria   Tloc           N/A          100%        4    #####..

Your spell library contained the following spells:

 Spells                   Type           Power        Failure   Level  Hunger
 Beastly Appendage        Tmut           #.....       86%         1    ##.....
 Blink                    Tloc           N/A          94%         2    ###....
 Shroud of Golubria       Chrm/Tloc      #.........   94%         2    ###....
 Sticks to Snakes         Tmut           #.......     94%         2    ###....
 Gell's Gravitas          Tloc           #.........   99%         3    ####...
 Lesser Beckoning         Tloc           #.........   99%         3    ####...
 Spider Form              Tmut/Pois      #.........   99%         3    ####...
 Teleport Other           Tloc           #.......     99%         3    ####...
 Ice Form                 Ice/Tmut       #.......     100%        4    #####..
 Blade Hands              Tmut           #.........   100%        5    ######.


Dungeon Overview and Level Annotations

Branches:
Dungeon (11/15)            Temple (1/1) D:5            Lair (6/6) D:9
  Swamp (0/4) Lair:2       Spider (0/4) Lair:4        Slime (0/5) Lair:6
    Orc (0/2) D:11

Altars:
Ashenzari
Cheibriados
Dithmenos
Elyvilon
Fedhas
Gozag
Hepliaklqana
Kikubaaqudgha
Makhleb
Nemelex Xobeh
Okawaru
Qazlal
Ru
Sif Muna
Trog
Uskayaw
Vehumet
Wu Jian
Xom
Yredelemnul
Zin
The Shining One

Shops:
D:5 ?*[   D:6 (   D:9 [   D:10 :

Annotations:
Lair:4 3 runed translucent doors, Vufrucs's ghost, journeyman DrTm; Zaegoraum's ghost, journeyman DsAK
Lair:6 exclusion: 3 oklob plants


Innate Abilities, Weirdness & Mutations

You have razor-sharp teeth.
You heal very quickly.
When hurt, damage is shared between your health and your magic reserves.
Your bite disrupts and absorbs the magic of your enemies.
Potions cannot restore your health.
You are immune to rotting.
You are resistant to hostile enchantments. (MR+)
Your system is resistant to poisons. (rPois)
Your spells are a little harder to cast, but a little more powerful.
You evolve.


Message History

You slash the oklob plant! You bite the oklob plant. You drain its power.
You feel invigorated.
The oklob plant is heavily damaged.
You hit the oklob plant. x2
The oklob plant spits acid at you. You block the splash of acid.
The oklob plant spits acid at you. The splash of acid hits you.
The acid corrodes you!
You are splashed with acid!
You hit the oklob plant but do no damage.
You bite the oklob plant, but do no damage.
The oklob plant is heavily damaged.
You hit the oklob plant but do no damage. x2
The oklob plant spits acid at you. The splash of acid hits you.
You are splashed with acid!
* * * LOW HITPOINT WARNING * * *
The oklob plant spits acid at you. The splash of acid hits you!
* * * LOW HITPOINT WARNING * * *
The acid corrodes you!
You are splashed with acid!
You die...

##.....#P.P..##......P...#.#....#
#......##P...P...........#.##..+.
..#....##.....P.....#.....####P..
PP.#.#.###...........##...#.##...
P..##.#......##.....#[#..P.#.#...
............PP#..$..#............
..##..#..#..PP#$....#[.)=.#P....#
###############/.}.(####.####.###
#$@P$$# ### #.## #.PP..# ###
#######


You could see 3 oklob plants.

Vanquished Creatures
  Kirke (Lair:4)
  A reaper (IceCv)
  3 dire elephants (Lair:6)
  A minotaur (Gauntlet)
  Snorg (Lair:4)
  4 hydras
  Erica (Lair:2)
  An anaconda (Lair:6)
  6 two-headed ogres
  Urug (Lair:1)
  2 unseen horrors (D:10)
  Pikel (D:8)
  An orb spider (shapeshifter) (Gauntlet)
  A manticore (D:11)
  2 oklob plants (Lair:6)
  A cyclops (D:11)
  3 ugly things (D:11)
  10 elephants (Lair:6)
  6 black mambas
  A centaur zombie (D:11)
  2 ice statues (IceCv)
  2 gargoyles (D:10)
  3 torpor snails (Lair:6)
  9 spiny frogs
  2 centaur skeletons
  A rime drake (Lair:6)
  2 kobold demonologists (D:11)
  4 komodo dragons
  7 ice devils (IceCv)
  A polar bear (Lair:5)
  2 trolls
  A troll (shapeshifter) (Gauntlet)
  Prince Ribbit (D:8)
  10 hippogriffs
  5 blink frogs
  A raiju (Gauntlet)
  9 dream sheep
  A redback (Lair:4)
  2 wyverns (D:10)
  29 yaks
  A wraith (D:11)
  A human (D:7)
  A vampire (D:10)
  A steam dragon (D:10)
  A yak (shapeshifter) (Gauntlet)
  A basilisk (Lair:1)
  2 hungry ghosts (D:11)
  7 hogs
  2 porcupines
  12 water moccasins
  7 ice beasts
  4 orc warriors (D:11)
  2 black bears
  6 sky beasts
  An eye of draining (D:9)
  4 ogres
  2 phantoms
  11 centaurs
  12 wolves
  12 crocodiles
  A wyvern zombie (D:9)
  14 bullfrogs
  2 scorpions
  A killer bee (D:10)
  An electric eel (D:9)
  7 howler monkeys
  7 crimson imps
  6 orc priests
  3 hounds
  A gnoll shaman (D:10)
  2 iguanas
  11 orc wizards
  7 worker ants
  A lightning spire (Gauntlet)
  A killer bee zombie (D:6)
  A hound skeleton (D:4)
  18 adders
  7 gnolls
  2 shadow imps
  9 white imps (IceCv)
  5 ufetubi (IceCv)
  An ooze (D:3)
  An adder skeleton (D:9)
  4 dart slugs
  A worm (D:3)
  5 leopard geckos
  36 orcs
  5 giant cockroaches
  8 goblins
  10 hobgoblins
  10 jackals
  3 kobolds
  2 quokkas
  A ball python (D:4)
  9 bats
  8 frilled lizards
  2 goblin skeletons (D:9)
  A goblin zombie (D:9)
  3 hobgoblin zombies (D:9)
  A kobold skeleton (D:9)
  A kobold zombie (D:9)
  3 orc zombies (D:9)
  A quokka skeleton (D:4)
  9 rats
  2 fungi (Lair:6)
  5 plants (Lair:6)
471 creatures vanquished.

Vanquished Creatures (others)
  2 slaves (D:9)
  A phantom (D:9)
  An orc wizard (D:9)
  4 white imps (IceCv)
  3 ufetubi (IceCv)
  An orc (D:9)
  A hobgoblin zombie (D:9)
  A fungus (Lair:4)
  6 plants (Lair:6)
  A withered plant (Lair:4)
21 creatures vanquished.

Grand Total: 492 creatures vanquished

Notes
Turn   | Place    | Note
-------+----------+-------------------------------------------
     0 | D:1      | Kairos the Vine Stalker Fighter began the quest for the
                  | Orb.
     0 | D:1      | Reached XP level 1. HP: 11/11 MP: 2/2
   187 | D:1      | Reached skill level 2 in Axes
   187 | D:1      | Reached XP level 2. HP: 4/16 MP: 0/3
  1024 | D:2      | Reached XP level 3. HP: 19/19 MP: 4/4
  1370 | D:2      | Gained mutation: Your natural rate of healing is unusually
                  | fast. [Vine Stalker growth]
  1370 | D:2      | Reached XP level 4. HP: 24/24 MP: 5/5
  1639 | D:2      | Found a faded altar of an unknown god.
  2000 | D:3      | Reached XP level 5. HP: 26/28 MP: 4/6
  2031 | D:3      | Reached skill level 1 in Dodging
  2036 | D:3      | Reached skill level 3 in Axes
  2490 | D:3      | Noticed an ice beast
  2504 | D:3      | Killed an ice beast
  2504 | D:3      | Reached XP level 6. HP: 3/32 MP: 0/7
  2772 | D:3      | Reached skill level 4 in Axes
  3121 | D:4      | Reached XP level 7. HP: 36/36 MP: 8/8
  3157 | D:4      | Got a jewelled mace
  3158 | D:4      | Identified the +7 mace "Rythreatro" {freeze, *Drain MP+9
                  | Int-5 SInv} (You found it on level 4 of the Dungeon)
  3166 | D:4      | Noticed a hippogriff
  3176 | D:4      | Killed a hippogriff
  3176 | D:4      | Reached skill level 5 in Axes
  3458 | D:4      | Gained mutation: You have razor-sharp teeth. [Vine Stalker
                  | growth]
  3458 | D:4      | Reached XP level 8. HP: 42/42 MP: 9/9
  3652 | D:5      | Entered Level 5 of the Dungeon
  3696 | D:5      | Found Tamaso's Armour Boutique.
  3878 | D:5      | Found Hiedosen's General Store.
  3879 | D:5      | Found a staircase to the Ecumenical Temple.
  3888 | D:5      | Found Xessoag's Magic Scroll Emporium.
  3903 | D:5      | Reached skill level 6 in Axes
  4009 | Temple   | Entered the Ecumenical Temple
  4324 | Temple   | Became a worshipper of Warmaster Okawaru
  4421 | D:5      | Found a stormy altar of Qazlal.
  4595 | D:6      | Found Wownauh's Weapon Emporium.
  4790 | D:6      | Reached * piety under Okawaru
  4910 | D:6      | Reached skill level 7 in Axes
  4910 | D:6      | Reached skill level 5 in Shields
  4985 | D:6      | Reached XP level 9. HP: 46/46 MP: 10/10
  5333 | D:7      | Reached skill level 1 in Stealth
  5430 | D:7      | Found a deep blue altar of Sif Muna.
  5524 | D:7      | Reached skill level 8 in Axes
  5685 | D:7      | Reached ** piety under Okawaru
  5918 | D:8      | Noticed Prince Ribbit
  5933 | D:8      | Killed Prince Ribbit
  5933 | D:8      | Reached skill level 5 in Fighting
  5933 | D:8      | Reached skill level 9 in Axes
  5994 | D:8      | Noticed a two-headed ogre
  6000 | D:8      | Killed a two-headed ogre
  6000 | D:8      | Reached *** piety under Okawaru
  6000 | D:8      | Reached skill level 5 in Armour
  6000 | D:8      | Reached XP level 10. HP: 41/51 MP: 8/11
  6097 | D:8      | Noticed a two-headed ogre
  6423 | D:8      | Killed a two-headed ogre
  6518 | D:8      | Reached skill level 10 in Axes
  6766 | D:9      | Noticed Pikel
  6845 | D:8      | Killed Pikel
  6882 | D:9      | Found a glowing golden altar of the Shining One.
  6995 | D:9      | Found Myxzyid's Antique Armour Shop.
  7021 | D:9      | Reached **** piety under Okawaru
  7084 | D:9      | Found a staircase to the Lair.
  7168 | D:9      | Received a gift from Okawaru
  7738 | D:9      | Bought a glowing chain mail for 210 gold pieces
  7749 | D:9      | Bought a glowing hat for 196 gold pieces
  7845 | D:10     | Entered Level 10 of the Dungeon
  7905 | D:10     | Killed an unseen horror
  7905 | D:10     | Reached skill level 11 in Axes
  7905 | D:10     | Reached XP level 11. HP: 39/56 MP: 12/12
  7951 | D:10     | Noticed a two-headed ogre
  7956 | D:10     | Killed a two-headed ogre
  7966 | D:10     | Found Boir's Book Shop.
  8093 | D:10     | Killed an unseen horror
  8093 | D:10     | Reached ***** piety under Okawaru
  8243 | D:10     | Noticed a two-headed ogre
  8249 | D:10     | Killed a two-headed ogre
  8249 | D:10     | Reached skill level 12 in Axes
  8749 | D:11     | Noticed a two-headed ogre
  8763 | D:11     | Killed a two-headed ogre
  8783 | D:11     | Reached skill level 1 in Invocations
  8783 | D:11     | Gained mutation: You heal very quickly. [Vine Stalker
                  | growth]
  8783 | D:11     | Reached XP level 12. HP: 34/61 MP: 6/14
  8834 | D:11     | Received a gift from Okawaru
  8834 | D:11     | Reached skill level 13 in Axes
  9216 | D:11     | Got a brightly glowing scale mail
  9227 | D:11     | Identified the +4 scale mail of Springtime {rPois Int+4
                  | Dex+4} (You found it on level 11 of the Dungeon)
  9275 | D:11     | Noticed a two-headed ogre
  9284 | D:11     | Killed a two-headed ogre
  9522 | D:11     | Found a staircase to the Orcish Mines.
  9694 | Lair:1   | Entered Level 1 of the Lair of Beasts
  9896 | Lair:1   | Got a pair of ichor-stained boots
  9902 | Lair:1   | Identified the +0 pair of boots "Lyorph" {rN+} (You found
                  | it on level 1 of the Lair of Beasts)
 10001 | Lair:1   | Noticed Urug
 10026 | Lair:1   | Killed Urug
 10368 | Lair:2   | Found a frozen archway.
 10376 | IceCv    | Entered an ice cave
 10526 | IceCv    | Reached skill level 14 in Axes
 10633 | IceCv    | Received a gift from Okawaru
 10633 | IceCv    | Reached XP level 13. HP: 61/67 MP: 15/15
 10681 | IceCv    | Noticed a reaper
 10706 | IceCv    | Killed a reaper
 11120 | Lair:2   | Noticed Erica
 11318 | Lair:2   | Found an ornate altar of the Wu Jian Council.
 11690 | Lair:2   | Found a staircase to the Swamp.
 11906 | Lair:2   | Killed Erica
 12708 | Lair:4   | Noticed Kirke
 12825 | Lair:4   | Noticed Snorg
 12863 | Lair:4   | Killed Snorg
 12885 | Lair:4   | Noticed a sphinx
 12978 | Lair:4   | Killed Kirke
 12978 | Lair:4   | Reached skill level 15 in Axes
 12994 | Lair:4   | Gained mutation: You occasionally shout uncontrollably at
                  | your foes. [potion of mutation]
 12994 | Lair:4   | Gained mutation: You sometimes yell uncontrollably at your
                  | foes. [potion of mutation]
 12994 | Lair:4   | Gained mutation: Your system is resistant to poisons.
                  | (rPois) [potion of mutation]
 12994 | Lair:4   | Gained mutation: You passively map a small area around you.
                  | [potion of mutation]
 12995 | Lair:4   | Lost mutation: You sometimes yell uncontrollably at your
                  | foes. [potion of mutation]
 12995 | Lair:4   | Lost mutation: You occasionally shout uncontrollably at
                  | your foes. [potion of mutation]
 12995 | Lair:4   | Lost mutation: You passively map a small area around you.
                  | [potion of mutation]
 12995 | Lair:4   | Lost mutation: Your system is resistant to poisons. (rPois)
                  | [potion of mutation]
 12995 | Lair:4   | Gained mutation: You evolve. [potion of mutation]
 12995 | Lair:4   | Gained mutation: Your spells are a little harder to cast,
                  | but a little more powerful. [potion of mutation]
 12995 | Lair:4   | Gained mutation: Your system is resistant to poisons.
                  | (rPois) [potion of mutation]
 12995 | Lair:4   | Gained mutation: You are resistant to hostile enchantments.
                  | (MR+) [potion of mutation]
 13125 | Lair:4   | Found a hole to the Spider Nest.
 13139 | Lair:4   | Found a runed translucent gate.
 13141 | Lair:4   | Found a runed translucent gate.
 13142 | Lair:4   | Found a runed translucent gate.
 13553 | Lair:4   | Noticed Zaegoraum's ghost (journeyman DsAK)
 13553 | Lair:4   | Noticed Vufrucs's ghost (journeyman DrTm)
 13649 | Lair:5   | Found a gate leading to a gauntlet.
 13676 | Gauntlet | Entered a Gauntlet
 13676 | Gauntlet | Found a transporter.
 13680 | Gauntlet | Found a transporter.
 13696 | Gauntlet | Found a transporter.
 13697 | Gauntlet | Found a transporter.
 13714 | Gauntlet | Found a transporter.
 13727 | Gauntlet | Found a transporter.
 13731 | Gauntlet | Found a transporter.
 13734 | Gauntlet | Found a transporter.
 13763 | Gauntlet | Found a transporter.
 13780 | Gauntlet | Found a transporter.
 13784 | Gauntlet | Found a transporter.
 13792 | Gauntlet | Found a transporter.
 13906 | Gauntlet | Got a steaming silver ring
 13920 | Gauntlet | Identified the ring of Nolash {rPois MR+ Slay+5 Stlth-}
                  | (You found it in a Gauntlet)
 13952 | Gauntlet | Reached skill level 1 in Evocations
 13966 | Gauntlet | Got an ichor-stained helmet
 13977 | Gauntlet | Identified the +0 helmet of the Sacrificial Victim {Regen+
                  | Int+3 Stlth+} (You found it in a Gauntlet)
 14022 | Gauntlet | Identified the amulet "Yronueti" {Acrobat Dex+3}
 14022 | Gauntlet | Noticed a minotaur
 14035 | Gauntlet | Killed a minotaur
 14428 | Lair:5   | Received a gift from Okawaru
 14442 | Lair:5   | Got a pair of crude boots {god gift}
 14448 | Lair:5   | Identified the +1 pair of boots of the Game of Kings
                  | {Int+7} (Okawaru gifted it to you on level 5 of the Lair of
                  | Beasts)
 14651 | Lair:5   | Reached XP level 14. HP: 60/72 MP: 13/16
 14894 | Lair:6   | Entered Level 6 of the Lair of Beasts
 15094 | Lair:6   | Found a staircase to the Slime Pits.
 15132 | Lair:6   | Reached skill level 16 in Axes
 15435 | Lair:6   | Reached skill level 1 in Maces & Flails
 15487 | Lair:6   | Reached skill level 5 in Dodging
 16119 | Lair:6   | Found the macabre finger necklace {rN+}
 16158 | Lair:6   | Noticed a dire elephant
 16158 | Lair:6   | Noticed a dire elephant
 16161 | Lair:6   | Noticed a dire elephant
 16173 | Lair:6   | Killed a dire elephant
 16173 | Lair:6   | Received a gift from Okawaru
 16180 | Lair:6   | Killed a dire elephant
 16182 | Lair:6   | Killed a dire elephant
 16191 | Lair:6   | Got a warped executioner's axe {god gift}
 16192 | Lair:6   | Identified the +2 executioner's axe "Kurrega" {elec,
                  | *Contam *Rage rElec SInv} (Okawaru gifted it to you on
                  | level 6 of the Lair of Beasts)
 16221 | Lair:6   | Learned a level 4 spell: Passage of Golubria
 16416 | Lair:6   | Got a blackened chain mail
 16436 | Lair:6   | Identified the +1 chain mail of Vehumet's Envy {rPois} (You
                  | found it on level 6 of the Lair of Beasts)
 16482 | Lair:6   | Splashed by an oklob plant's acid

Skill      XL: |  1  2  3  4  5  6  7  8  9 10 11 12 13 14 |
---------------+-------------------------------------------+-----
Axes           | 2 3 4 5 7 9 11 12 14 15 16 | 16.5
Shields        | 3 4 5 6 8 9 |  9.6
Fighting       | 3 4 5 6 7 8 |  8.3
Armour         | 3 4 5 6 7 |  7.4
Dodging        | 1 2 3 4 5 |  5.0
Stealth        | 1 2 |  2.8
Invocations    | 1 2 |  2.9
Evocations     | 1 |  1.0
Maces & Flails | 1 |  1.0
Throwing       | |  0.1

Action                   |  1- 3 |  4- 6 |  7- 9 | 10-12 | 13-15 || total
-------------------------+-------+-------+-------+-------+-------++-------
Melee: War axe           |    98 |   172 |    83 |       |       ||   353
       Bite              |    21 |    41 |    71 |   266 |   293 ||   692
       Broad axe         |       |       |   149 |   642 |   541 ||  1332
       Whip              |       |       |       |       |    14 ||    14
Throw: Tomahawk          |       |       |       |     1 |       ||     1
       Javelin           |       |       |       |       |     7 ||     7
Invok: Heroism           |       |       |     1 |    15 |    17 ||    33
       Finesse           |       |       |       |       |     4 ||     4
Evoke: Wand              |       |       |       |     5 |     7 ||    12
  Use: Scroll            |     5 |     1 |     7 |     5 |    13 ||    31
       Potion            |       |       |       |       |     3 ||     3
  Eat: Chunk             |     2 |     6 |     5 |    12 |    10 ||    35
       Ration            |       |       |     1 |     4 |     3 ||     8
Armor: Scale mail        |    64 |     8 |       |    43 |   153 ||   268
       Ring mail         |       |    67 |    86 |    51 |       ||   204
       Chain mail        |       |       |       |    79 |       ||    79
       Plate armour      |       |       |       |    35 |       ||    35
Dodge: Dodged            |    32 |    49 |   100 |   161 |   163 ||   505
Block: Shield            |    59 |    96 |   131 |   162 |       ||   448
       Large shield      |       |       |       |   214 |   456 ||   670
       Buckler           |       |       |       |     6 |     1 ||     7
